 Seeded DCSS version 0.28.0-47-ge53b351184 (webtiles) character file.

Game seed: 20220504 (custom seed)

51 jessy the Ducker (level 3, 0/28 HPs)
             Began as a Merfolk Gladiator on May 4, 2022.
             Was a Follower of Zin.
             Succumbed to an adder's poison
             ... on level 2 of the Dungeon.
             The game lasted 00:05:44 (1922 turns).

jessy the Ducker (Merfolk Gladiator)                Turns: 1922, Time: 00:05:44

Health: 0/28       AC:  7    Str: 16    XL:     3   Next: 83%
Magic:  3/3        EV: 12    Int:  7    God:    Zin [*.....]
Gold:   63         SH:  0    Dex: 15    Spells: 2/2 levels left

rFire   . . .      SeeInvis .   a - +0 long sword
rCold   . . .      Faith    .   (no shield)
rNeg    . . .      Spirit   .   o - +0 ring mail
rPois   .          Reflect  .   c - +0 helmet
rElec   .          Harm     .   (no cloak)
rCorr   .          Rampage  .   (no gloves)
Will    .....                   k - +0 pair of boots
Stlth   +.........              (no amulet)
HPRegen 0.09/turn               (no ring)
MPRegen 0.08/turn               (no ring)

@: lethally poisoned (0 -> 0)
A: (nimble swimmer 2), mertail
a: Renounce Religion, Recite, Donate Gold


You were on level 2 of the Dungeon.
You worshipped Zin.
Zin was aware of your devotion.
You visited 1 branch of the dungeon, and saw 2 of its levels.

You collected 70 gold pieces.
You donated 7 gold pieces to Zin.

Inventory:

Hand Weapons
 a - a +0 long sword (weapon)
 f - a +0 dagger
 h - a +0 short sword
 i - a +0 club
Missiles
 d - 3 throwing nets (quivered)
 g - 26 stones
Armour
 b - a +0 leather armour
 c - a +0 helmet (worn)
 k - a +0 pair of boots (worn)
 o - a +0 ring mail (worn)
Magical Staves
 m - a staff of earth
Scrolls
 j - a scroll of fear {unknown}
 l - a scroll of fog {unknown}
 q - a scroll of magic mapping {unknown}
 r - a scroll of identify {unknown}
Potions
 e - a potion of brilliance {unknown}
 n - a potion of lignification {unknown}
 p - a potion of might {unknown}


   Skills:
 + Level 2.7 Fighting
 + Level 4.2 Long Blades
 + Level 2.2 Throwing
 + Level 0.5 Armour
 + Level 4.4 Dodging


You had 2 spell levels left.
You didn't know any spells.
Your spell library was empty.

Dungeon Overview and Level Annotations

Branches:
Dungeon (2/15)

Altars:
Zin


Innate Abilities, Weirdness & Mutations

((You are very nimble when in or above water. (Stealth+, EV+, Speed+++)))
Your lower body shifts to a powerful aquatic tail in water.


Message History

The hobgoblin hits you but does no damage.
The adder barely misses you.
You slash the hobgoblin!
You kill the hobgoblin!
The adder bites you.
* * * LOW HITPOINT WARNING * * *
You hit the goblin.
The goblin is moderately wounded.
The adder barely misses you. The goblin hits you but does no damage.
The adder bites you.
* * * LOW HITPOINT WARNING * * *
You barely miss the goblin.
The goblin is moderately wounded.
The goblin hits you but does no damage. The adder closely misses you.
You slash the goblin!
You kill the goblin!
The adder bites you but does no damage. The adder bites you.
* * * LOW HITPOINT WARNING * * *
The adder bites you but does no damage.
You see here a bat corpse.
The adder misses you. The adder bites you but does no damage.
You see here a giant cockroach corpse.
You slash the adder!
The adder is almost dead.
The adder bites you.
* * * LOW HITPOINT WARNING * * *
You are lethally poisoned!
The adder poisons you! The adder barely misses you.
You hit the adder.
The adder is almost dead.
Zin protects you from harm! The adder barely misses you.
You closely miss the adder.
The adder is almost dead.
* * * LOW HITPOINT WARNING * * *
You feel sick. The adder bites you but does no damage.
The adder closely misses you.
You closely miss the adder.
The adder is almost dead.
You die...

....# #.. . ##.## .(........ ..
.. # .# #.#........ .# ...
##.##..#.......##)# ...#
......##.......#.)#...# .
<..............#†...# #..###
....#####......#.####...##.##
....####.......#S..[..###...#
.....<..........@†.####....>#####
....####.......#####.............
###...............†..............
.......###...#####...............
..###### ##### ##........##....
.## #........# .... ..##
########## ### ...# ...#


You could see an adder.

Vanquished Creatures
  An adder (D:2)
  5 endoplasms
  4 giant cockroaches
  4 goblins
  7 hobgoblins
  2 kobolds (D:1)
  2 quokkas (D:1)
  3 ball pythons
  3 bats
  2 frilled lizards
  4 rats (D:1)
37 creatures vanquished.

Vanquished Creatures (others)
  A fungus (D:2)
  3 plants (D:2)
4 creatures vanquished.

Grand Total: 41 creatures vanquished

Notes
Turn   | Place    | Note
-------+----------+-------------------------------------------
     0 | D:1      | jessy the Merfolk Gladiator began the quest for the Orb.
     0 | D:1      | Reached XP level 1. HP: 16/16 MP: 1/1
   242 | D:1      | Reached XP level 2. HP: 17/23 MP: 2/2
   914 | D:1      | Reached XP level 3. HP: 28/28 MP: 3/3
  1583 | D:2      | Found a faded altar of an unknown god.
  1612 | D:2      | Prayed at the altar of an unknown god.
  1612 | D:2      | Became a worshipper of Zin the Law-Giver
  1612 | D:2      | Reached * piety under Zin
  1920 | D:2      | Zin protects you from harm!
  1921 | D:2      | HP: 1/28 [poisoned by an adder]
  1922 | D:2      | Succumbed to an adder's poison

Illustrated notes

Levels and vault maps discovered:
D:1:      minmay_arrival_three_doors, layout_basic, minmay_misc_feat_roman
D:2:      minmay_evil_eye, layout_rooms,
          shapermc_ecumenical_altar_mp_urbaneastern

Skill      XL: |  1  2  3 |
---------------+----------+-----
Long Blades    | 4 |  4.2
Fighting       | |  2.7
Throwing       | |  2.2
Armour         | |  0.5
Dodging        | |  4.4

Action                   || total
-------------------------++-------
Melee: Long sword        ||   106
       Punch             ||     1
Armor: Leather armour    ||    25
       Ring mail         ||    30
Dodge: Dodged            ||   102
